 Dungeon Crawl Stone Soup version 0.20-a0-924-gfa95efa (webtiles) character file.

15677 Rrauwl the Nimble (level 12, -5/81 HPs)
             Began as a Barachi Hunter on Mar 27, 2017.
             Was a Believer of Hepliaklqana.
             Slain by an ice devil (7 damage)
             ... on level 11 of the Dungeon.
             The game lasted 01:19:00 (13927 turns).

Rrauwl the Nimble (Barachi Hunter)                 Turns: 13927, Time: 01:19:02

Health: -5/81      AC: 17    Str: 14      XL:     12   Next: 29%
Magic:  17/17      EV: 18    Int: 14      God:    Hepliaklqana [**....]
Gold:   614        SH:  0    Dex: 14 (15) Spells: 10/11 levels left

rFire    + . .     SeeInvis .   t - +5 mace "Pokyph" {protect, rElec rF+}
rCold    + . .     Gourm    .   (no shield)
rNeg     . . .     Faith    .   q - +0 troll leather armour
rPois    .         Spirit   .   (no helmet)
rElec    +         Reflect  .   v - scarf {rC+}
rCorr    +         Harm     .   (no gloves)
MR       +....                  i - +1 pair of boots
Stlth    +.........             (no amulet)
Regen    0.7/turn               y - ring of resist corrosion
MPRegen  0.2/turn               z - ring of protection from magic

@: protection aura, slow
A: +LOS, swims, reduced essence, icy blue scales 2, deterioration 1, slowness 1,
strong legs 1
a: Hop, Recall Ancestor, Ancestor Identity, Renounce Religion


You were on level 11 of the Dungeon.
You worshipped Hepliaklqana.
Hepliaklqana was pleased with you.
You were not hungry.

You visited 3 branches of the dungeon, and saw 13 of its levels.

You collected 614 gold pieces.

Inventory:

Hand Weapons
 a - a +2 shortbow
 o - a +2 falchion of draining
 t - the +5 mace "Pokyph" (weapon) {protect, rElec rF+}
   (You found it on level 6 of the Dungeon)

   It protects the one who uses it against injury (+AC on strike).
   It protects you from fire.
   It insulates you from electricity.
Missiles
 d - 86 arrows
Armour
 i - a +1 pair of boots (worn)
 q - a +0 troll leather armour (worn)
 v - a scarf of cold resistance (worn)
Jewellery
 y - a ring of resist corrosion (left hand)
 z - a ring of protection from magic (right hand)
Wands
 n - a wand of acid (9/15)
 r - a wand of confusion (27/48)
 s - a wand of scattershot (0/9)
 u - a wand of polymorph (18/24)
 x - a wand of disintegration (13/24)
 A - a wand of confusion (15/48)
 B - a wand of scattershot (1/9)
Scrolls
 e - 3 scrolls of enchant weapon
 g - 10 scrolls of remove curse
 h - a scroll of identify
 k - 2 scrolls of teleportation
 p - 4 scrolls of magic mapping
 F - a scroll of enchant armour
Potions
 j - a potion of agility
 l - 2 potions of brilliance
 m - 5 potions of curing
 w - a potion of might
 C - a potion of lignification
Books
 b - a book of Misfortune

   Spells                             Type                      Level
   a - Confusing Touch                Hexes                        1
   b - Confuse                        Hexes                        3
   c - Gell's Gravitas                Translocation                3
   d - Petrify                        Transmutation/Earth          4
   e - Metabolic Englaciation         Hexes/Ice                    5
   f - Yara's Violent Unravelling     Hexes/Transmutation          5
 c - a book of Cantrips

   Spells                             Type                      Level
   a - Confusing Touch                Hexes                        1
   b - Animate Skeleton               Necromancy                   1
   c - Summon Small Mammal            Summoning                    1
   d - Apportation                    Translocation                1
Comestibles
 f - 4 bread rations


   Skills:
 + Level 7.5 Fighting
 + Level 10.3 Long Blades
 + Level 10.2 Bows
 + Level 7.3 Armour
 + Level 10.6 Dodging
 - Level 1.1 Stealth
 + Level 4.0 Invocations
 - Level 7.0 Evocations


You had 10 spell levels left.
You knew the following spells:

 Your Spells              Type           Power        Failure   Level  Hunger
a - Apportation           Tloc           #.....       34%         1    ##.....


Dungeon Overview and Level Annotations

Branches:
Dungeon (11/15)            Temple (1/1) D:5            Lair (1/6) D:8
    Orc (0/2) D:10

Altars:
Ashenzari
Cheibriados
Dithmenos
Elyvilon
Fedhas
Gozag
Hepliaklqana
Kikubaaqudgha
Makhleb
Nemelex Xobeh
Okawaru
Qazlal
Ru
Sif Muna
Trog
Uskayaw
Vehumet
Wu Jian
Xom
Yredelemnul
The Shining One
Jiyva
Lugonu

Annotations:
Lair:1 mora's ghost, novice MfGl


Innate Abilities, Weirdness & Mutations

Shadows flee at your approach. (+LOS)
You can swim through water.
You cover ground slowly.
You can hop short distances.
Your life essence is reduced. (-10% HP)
You are mostly covered in icy blue scales. (AC +3)
Your body sometimes deteriorates upon taking damage.


Message History

You hit the ice devil but do no damage.
The ice devil is heavily wounded.
The ice devil completely misses you.
The ice devil hits you but does no damage.
The ice devil splashes around in the water.
You hit the ice devil.
The ice devil is heavily wounded.
The ice devil hits you. The ice devil freezes you! You resist.
The ice devil hits you.
* * * LOW HITPOINT WARNING * * *
The ice devil freezes you. You resist.
* * * LOW HITPOINT WARNING * * *
You hit the ice devil but do no damage.
The ice devil is heavily wounded.
The ice devil hits you!
* * * LOW HITPOINT WARNING * * *
The ice devil freezes you! You resist.
* * * LOW HITPOINT WARNING * * *
The ice devil hits you!
You die...

#..##..≈≈≈.....≈≈≈..## #..#
#..#..≈≈≈.##(##.≈≈≈..## #..#
#....#≈≈..#$..#..≈≈#..###..#
#...##≈≈..(.($...≈≈##..##..#
##....#≈≈(.#(((#..≈≈#...##..#####
.......≈(≈.##(##.≈≈≈.............
........≈≈((((.444≈..............
........##≈(((444##..###....>....
######.###≈≈(≈(≈@###.# #..#######
#.##..≈≈≈≈≈..##.# #..#
#......###......# #..#
######..#..###### #..#
###########....#########..#######
.................................
.................................
..##########...#########.........
#.# #...# #..#######


You could see 6 ice devils.

Vanquished Creatures
  Snorg (D:10)
  A centaur warrior (D:10)
  A two-headed ogre (D:8)
  A death yak (D:8)
  An unseen horror (D:11)
  Pikel (D:8)
  An ugly thing (D:11)
  An ice statue (D:11)
  4 kobold demonologists
  A blink frog (Lair:1)
  Grinder (D:6)
  2 hornets
  A slime creature (D:11)
  2 hippogriffs (D:9)
  6 yaks (D:11)
  Edmund (D:6)
  A water moccasin (D:5)
  An acid dragon (D:11)
  2 porcupines (D:8)
  A sky beast (D:7)
  6 orc warriors
  3 ice beasts
  4 slaves (D:8)
  2 black bears
  5 ogres
  4 centaurs
  6 bullfrogs
  A wyvern zombie (D:10)
  2 scorpions (D:9)
  A water moccasin skeleton (D:7)
  15 killer bees
  4 wights (D:11)
  3 howler monkeys
  A bullfrog zombie (D:9)
  7 crimson imps
  A quasit (D:11)
  4 hounds
  4 orc priests
  4 bullfrog skeletons
  4 centaur skeletons
  4 iguanas
  A hexer (D:11)
  11 orc wizards
  8 worker ants
  2 hell rats (D:8)
  2 hound zombies
  A hound skeleton (D:6)
  2 worker ant zombies
  6 adders
  5 gnolls (D:4)
  A shadow imp (D:11)
  6 ufetubi (D:11)
  An ooze (D:2)
  2 adder skeletons
  4 worms
  3 dart slugs
  5 leopard geckos
  44 orcs
  A ball python (D:3)
  6 bats
  5 giant cockroaches
  13 hobgoblins
  14 jackals
  7 quokkas
  A ball python skeleton (D:4)
  9 frilled lizards
  7 goblins
  9 kobolds
  2 leopard gecko skeletons (D:4)
  2 quokka skeletons
  2 quokka zombies
  6 rats
304 creatures vanquished.

Vanquished Creatures (collateral kills)
  A two-headed ogre (D:10)
  A troll (D:11)
  A shadow (D:11)
  A hungry ghost (D:11)
  An orc warrior (D:9)
  A black bear (D:11)
  A centaur (D:9)
  A big kobold (D:9)
  A bullfrog (D:9)
  3 scorpions
  7 killer bees
  A wight (D:11)
  A hound (D:11)
  2 orc priests
  2 orc wizards
  A hound zombie (D:9)
  An adder (D:11)
  3 orcs
30 creatures vanquished.

Vanquished Creatures (others)
  5 ancestors
  6 hexers (D:11)
11 creatures vanquished.

Grand Total: 345 creatures vanquished

Notes
Turn   | Place    | Note
-------+----------+-------------------------------------------
     0 | D:1      | Rrauwl the Barachi Hunter began the quest for the Orb.
     0 | D:1      | Reached XP level 1. HP: 17/17 MP: 1/1
    46 | D:1      | Reached skill level 1 in Stealth
   103 | D:1      | Reached XP level 2. HP: 23/23 MP: 2/2
   200 | D:1      | Reached XP level 3. HP: 17/28 MP: 3/3
   257 | D:1      | Reached skill level 1 in Armour
   669 | D:1      | Found a viscous altar of Jiyva.
   811 | D:1      | Gained mutation: You are partially covered in icy blue scales. (AC +2) [potion of mutation]
   811 | D:1      | Gained mutation: You are mostly covered in icy blue scales. (AC +3) [potion of mutation]
   922 | D:2      | Found a faded altar of an unknown god.
   944 | D:2      | Reached XP level 4. HP: 35/35 MP: 4/4
  2097 | D:3      | Reached XP level 5. HP: 41/41 MP: 5/5
  2485 | D:4      | Reached XP level 6. HP: 48/48 MP: 6/6
  2618 | D:4      | Reached skill level 5 in Bows
  2787 | D:4      | Reached XP level 7. HP: 52/55 MP: 7/7
  2796 | D:4      | Reached skill level 1 in Long Blades
  3164 | D:5      | Entered Level 5 of the Dungeon
  3164 | D:5      | Found a staircase to the Ecumenical Temple.
  3173 | D:5      | Reached skill level 5 in Fighting
  3269 | D:5      | Reached skill level 5 in Armour
  3518 | Temple   | Entered the Ecumenical Temple
  3745 | D:5      | Reached skill level 5 in Dodging
  3745 | D:5      | Reached XP level 8. HP: 42/63 MP: 8/8
  4519 | D:6      | Reached skill level 1 in Evocations
  4807 | D:6      | Found a deep blue altar of Sif Muna.
  4830 | D:6      | Noticed Edmund
  4860 | D:6      | Killed Edmund
  4903 | D:6      | Got a scorched mace
  4904 | D:6      | Identified the +5 mace "Pokyph" {protect, rElec rF+} (You found it on level 6 of the Dungeon)
  4936 | D:6      | Noticed Grinder
  4949 | D:6      | Paralysed by Grinder for 3 turns
  4955 | D:6      | Killed Grinder
  4955 | D:6      | Reached XP level 9. HP: 63/69 MP: 10/10
  5456 | D:7      | Reached skill level 5 in Long Blades
  6654 | D:8      | Noticed Pikel
  6670 | D:8      | Found a shimmering altar of Xom.
  6716 | D:8      | Killed Pikel
  7045 | D:8      | Noticed a death yak
  7048 | D:8      | Noticed a two-headed ogre
  7059 | D:8      | Killed a death yak
  7059 | D:8      | Reached skill level 5 in Evocations
  7059 | D:8      | Reached XP level 10. HP: 76/76 MP: 12/14
  7060 | D:8      | Noticed a death yak
  7072 | D:8      | Noticed a death yak
  7288 | D:8      | Found a staircase to the Lair.
  7305 | D:8      | Killed a two-headed ogre
  7764 | D:8      | Found an ornate altar of the Wu Jian Council.
  7766 | D:8      | Found a shadowy altar of Dithmenos.
  7768 | D:8      | Found an ancient bone altar of Kikubaaqudgha.
  7768 | D:8      | Found a hazy altar of Hepliaklqana.
  7769 | D:8      | Found a white marble altar of Elyvilon.
  7769 | D:8      | Found a snail-covered altar of Cheibriados.
  7809 | D:8      | Became a worshipper of Hepliaklqana the Forgotten
  8101 | D:8      | Found a sparkling altar of Nemelex Xobeh.
  8647 | Lair:1   | Entered Level 1 of the Lair of Beasts
  8647 | Lair:1   | Noticed mora's ghost (novice MfGl)
  8656 | Lair:1   | Noticed a black mamba
  8975 | D:9      | Found a shattered altar of Ashenzari.
  9501 | D:9      | Reached * piety under Hepliaklqana
  9537 | D:9      | Reached XP level 11. HP: 75/75 MP: 15/15
  9636 | D:9      | Reached skill level 1 in Invocations
  9922 | D:10     | Entered Level 10 of the Dungeon
  9947 | D:10     | Noticed Snorg
  9951 | D:10     | Found a corrupted altar of Lugonu.
  9961 | D:10     | Killed Snorg
  9966 | D:10     | Noticed a sixfirhy
 10803 | D:10     | Noticed a two-headed ogre
 10812 | D:10     | Killed a two-headed ogre
 10865 | D:10     | Reached ** piety under Hepliaklqana
 10866 | D:10     | Remembered your ancestor Rick as a hexer
 10985 | D:10     | Paralysed by a hornet for 1 turns
 11087 | D:10     | Noticed a centaur warrior
 11097 | D:10     | Killed a centaur warrior
 11097 | D:10     | Reached skill level 10 in Dodging
 11103 | D:10     | Found a staircase to the Orcish Mines.
 11731 | D:11     | Noticed a white ugly thing
 11746 | D:11     | HP: 1/75 [white ugly thing (12)]
 11747 | D:11     | Killed a white ugly thing
 11754 | D:11     | Gained mutation: Your body sometimes deteriorates upon taking damage. [mutagenic meat]
 12362 | D:11     | Reached skill level 10 in Bows
 12370 | D:11     | Reached XP level 12. HP: 45/81 MP: 17/17
 12372 | D:11     | Reached skill level 10 in Long Blades
 13256 | D:11     | Learned a level 1 spell: Apportation
 13927 | D:11     | HP: 2/81 [ice devil (7)]
 13927 | D:11     | Slain by an ice devil

Vault maps used:
D:1:      erik_arrival_cave_to_civilisation, st_stairs_12, minmay_pentomino_r2
D:2:      chequers_ecumenical_altar_simple, hangedman_decor_growths
D:3:      nicolae_overflow_hidden_temple, first_bread
D:4:      minmay_divided_ellipse
D:5:      minmay_temple_entry_glass
D:6:      cheibrodos_helix_gallery, kennysheep_mini_moat, uniq_grinder,
          uniq_edmund
D:8:      overflow_temple_1_default, grunt_temple_overflow_open,
          dpeg_lair_monsters, basic_altar, uniq_pikel
D:9:      nicolae_overflow_crystal_walls
D:10:     kennysheep_kobold_lugonu_temple, orc_0_dummy, uniq_snorg
D:11:     cheibrodos_frozen_isle
Temple:   nicolae_temple_hex_pool
Lair:1:   basic_altar, grunt_megastairs_3, lemuel_fruit_fields,
          serial_bayou_shore_b

Skill      XL: |  1  2  3  4  5  6  7  8  9 10 11 12 |
---------------+-------------------------------------+-----
Stealth        | 1 |  1.1
Armour         | 1 2 3 4 5 6 7 |  7.3
Fighting       | 3 4 5 6 7 |  7.5
Dodging        | 3 4 5 6 7 9 10 | 10.6
Bows           | 5 6 7 8 10 | 10.2
Long Blades    | 2 4 6 8 9 10 | 10.3
Evocations     | 2 5 7 |  7.0
Invocations    | 3 4 |  4.0

Action                   |  1- 3 |  4- 6 |  7- 9 | 10-12 || total
-------------------------+-------+-------+-------+-------++-------
Melee: Short sword       |    13 |    17 |       |       ||    30
       Falchion          |       |    16 |    56 |   404 ||   476
       Mace              |       |       |    20 |    17 ||    37
       Shortbow          |       |       |       |     3 ||     3
 Fire: Shortbow          |   103 |   160 |   334 |   420 ||  1017
 Cast: Apportation       |       |       |       |     4 ||     4
Invok: Recall Ancestor   |       |       |       |     5 ||     5
       Ancestor Identity |       |       |       |     1 ||     1
       Ancestor Life: He |       |       |       |     1 ||     1
 Abil: Hop               |       |     2 |     3 |     5 ||    10
Evoke: Wand              |       |       |     3 |    17 ||    20
  Use: Potion            |     1 |     4 |     1 |     2 ||     8
       Scroll            |       |     6 |     8 |    13 ||    27
 Stab: Distracted        |       |       |       |     3 ||     3
       Confused          |       |       |       |     2 ||     2
       Sleeping          |       |       |       |     1 ||     1
  Eat: Chunk             |       |     7 |     3 |     4 ||    14
       Fruit             |       |       |     2 |     1 ||     3
       Meat ration       |       |       |     2 |     1 ||     3
       Royal jelly       |       |       |     1 |     3 ||     4
       Bread ration      |       |       |       |     2 ||     2
Armor: Leather armour    |    14 |    11 |    42 |    70 ||   137
       Robe              |       |    16 |     4 |       ||    20
       Troll leather arm |       |       |       |    47 ||    47
Dodge: Dodged            |    48 |    60 |   166 |   447 ||   721
       Rpst.: Falchion   |       |     6 |     9 |    88 ||   103
